 Dungeon Crawl Stone Soup version 0.31-a0-164-g2312942fda (webtiles) character file.

Game seed: 9817425217904062269

42202 holysushi the Spry (level 14, -7/78 HPs)
             Began as a Tengu Air Elementalist on June 14, 2023.
             Was the Champion of Okawaru.
             Killed from afar by an efreet (12 damage)
             ... with a fireball
             ... in a volcano.
             The game lasted 00:43:19 (29717 turns).

holysushi the Spry (Tengu Air Elementalist)        Turns: 29717, Time: 00:43:20

Health: -7/78      AC: 14    Str: 10    XL:     14   Next: 18%
Magic:  18/32      EV: 30    Int: 16    God:    Okawaru [******]
Gold:   1357       SH:  6    Dex: 18    Spells: 17/24 levels left

rFire   + . .        M - staff of fire
rCold   . . .        k - +1 buckler {AC+3}
rNeg    . . .        L - +0 steam dragon scales
rPois   .            (helmet restricted)
rElec   .            N - scarf {repulsion}
rCorr   .            r - +1 pair of gloves
SInv    .            (boots unavailable)
Will    +....        D - amulet of faith
Stlth   ++           t - +4 ring of protection
HPRegen 0.33/turn    d - ring of magical power
MPRegen 0.23/turn

%: repel missiles, faith
@: flying quickly and evasively, quick
A: beak, talons 3, nimble flight
a: Renounce Religion, Heroism, Finesse, Duel


You were in a volcano.
You worshipped Okawaru.
Okawaru was exalted by your worship.
You visited 4 branches of the dungeon, and saw 18 of its levels.
You also visited: Volcano.

You collected 1415 gold pieces.
You spent 58 gold pieces at shops.

Inventory:

Hand Weapons
 a - the +11 sling of Corporal Punishment {heavy, rElec Int+2}
   (You found it on level 1 of the Lair of Beasts)

   Int:       It affects your intelligence (+2).
   rElec:     It insulates you from electricity.
 b - the +6 dagger "Spiderslayer" {freeze, Dex+3}
   (You found it on level 2 of the Lair of Beasts)

   Dex:       It affects your dexterity (+3).
 w - a +1 rapier
 F - a +5 short sword
 S - the +8 war axe "Hoesok" {heavy, rC+ Will+}
   (Okawaru gifted it to you on level 5 of the Lair of Beasts)

   rC:        It protects you from cold.
   Will:      It increases your willpower.
Missiles
 q - 2 throwing nets
Armour
 k - a +1 buckler of protection (worn)
 r - a +1 pair of gloves (worn)
 C - a +2 robe
 L - +0 steam dragon scales (worn)
 N - a scarf of repulsion (worn)
Magical Staves
 M - a staff of fire (weapon)
Jewellery
 d - a ring of magical power (right hand)
 f - a ring of ice
 t - a +4 ring of protection (left hand)
 y - a +4 ring of protection
 D - an amulet of faith (around neck)
 H - a ring of positive energy
Wands
 s - a wand of iceblast (12)
 A - a wand of light (26)
 G - a wand of mindburst (19)
Scrolls
 e - 8 scrolls of teleportation
 g - a scroll of vulnerability
 h - 10 scrolls of identify
 n - 2 scrolls of enchant armour
 o - 3 scrolls of immolation
 p - 4 scrolls of fog
 v - 2 scrolls of noise
 I - 2 scrolls of enchant weapon
 Q - 2 scrolls of fear
Potions
 c - 6 potions of curing
 i - a potion of brilliance
 j - a potion of berserk rage
 l - 2 potions of enlightenment {unknown}
 m - 3 potions of mutation {unknown}
 u - 2 potions of haste {unknown}
 x - 2 potions of attraction {unknown}
 z - a potion of might {unknown}
 B - 5 potions of lignification {unknown}
 E - 3 potions of heal wounds {unknown}
 J - 3 potions of cancellation {unknown}
 K - a potion of degeneration {unknown}
 P - 2 potions of magic
 R - a potion of ambrosia {unknown}


   Skills:
 - Level 5.0 Fighting
 - Level 20.0 Dodging
 - Level 2.0 Stealth
 - Level 2.0 Shields
 - Level 5.6 Spellcasting
 - Level 3.0 Conjurations
 + Level 15.6 Air Magic
 - Level 5.0 Invocations
 - Level 2.0 Evocations


You had 17 spell levels left.
You knew the following spells:

 Your Spells              Type           Power      Damage    Failure   Level
a - Shock                 Conj/Air       100%       1d9       1%          1
b - Static Discharge      Conj/Air       68%        2-5/arc   1%          2
d - Airstrike             Air            26%        2d(4-20)  1%          4

Your spell library contained the following spells:

 Spells                   Type           Power      Damage    Failure   Level
 Swiftness                Air            53%        N/A       1%          3
 Foxfire                  Conj/Fire      56%        2x1d6     11%         1
 Momentum Strike          Conj/Tloc      18%        3d8       17%         2
 Apportation              Tloc           8%         N/A       21%         1
 Necrotise                Necr           16%        1d4       21%         1
 Silence                  Hex/Air        14%        N/A       24%         5
 Blink                    Tloc           8%         N/A       30%         2
 Lesser Beckoning         Tloc           8%         N/A       30%         2
 Dazzling Flash           Conj/Hex       18%        N/A       32%         3
 Portal Projectile        Hex/Tloc       8%         N/A       52%         3
 Vampiric Draining        Necr           4%         2d6       52%         3
 Conjure Ball Lightning   Conj/Air       17%        3x3d6     56%         6
 Plasma Beam              Fire/Air       22%        2x1d34    78%         6
 Fireball                 Conj/Fire      7%         3d5       97%         5
 Agony                    Necr           4%         N/A       99%         5
 Blade Hands              Tmut           2%         N/A       99%         5
 Starburst                Conj/Fire      7%         6d4       100%        6
 Discord                  Hex            2%         N/A       100%        8
 Disjunction              Tloc           2%         N/A       100%        8
 Summon Small Mammal      Summ           Unusable   N/A       N/A         1
 Tukima's Dance           Hex            Unusable   N/A       N/A         3

Dungeon Overview and Level Annotations

Branches:
Dungeon (11/15) Zot: 22777  Temple (1/1) D:4 Zot: 5834    Lair (5/5) D:8 Zot: 19371
  Swamp (0/4) Lair:2        Snake (0/4) Lair:3        Slime (0/5) Lair:4
    Orc (1/2) D:10 Zot: 5838 Volcano (1/1) Zot: 5986

Altars:
Ashenzari
Cheibriados
Dithmenos
Elyvilon
Fedhas
Gozag
Hepliaklqana
Kikubaaqudgha
Makhleb
Nemelex Xobeh
Okawaru
Qazlal
Ru
Sif Muna
Trog
Uskayaw
Vehumet
Wu Jian
Xom
Yredelemnul
Zin
The Shining One
Jiyva

Shops:
D:6 [

Annotations:
Lair:1 1 transporter
Lair:4 1 runed translucent door


Innate Abilities, Weirdness & Mutations

You have a beak for a mouth.
You have claws for feet.
Your magical nature lets you fly swiftly and evasively.


Message History

The efreet is lightly wounded.
The efreet is blinded.
The bolt of light hits the efreet.
The efreet is lightly wounded.
The efreet is blinded.
The efreet gestures at you.
The fireball explodes!
The fireball engulfs the efreet.
The efreet completely resists.
The fireball engulfs you! You resist.
A molten gargoyle comes into view. It is wielding a +0 dire flail.
The efreet misses you.
The molten gargoyle blasts magma at you!
The bolt of magma misses you.
The efreet gestures at the efreet.
The fireball explodes!
The fireball engulfs you! You resist.
The fireball engulfs the efreet.
The efreet completely resists.
The efreet gestures at you.
The fireball explodes!
The fireball engulfs you! You resist.
The fireball engulfs the efreet.
The efreet completely resists.
There is a rock-blocked tunnel here.
Okay, then.
As you read the scroll of fear, it crumbles to dust.
You assume a fearsome visage.
The efreet resists with some effort.
The efreet looks frightened!
The molten gargoyle is unaffected.
The efreet gestures at you.
The bolt of fire is repelled.
The molten gargoyle misses you.
A molten gargoyle comes into view. It is wielding a +0 flail.
The efreet hits you with a +2 scimitar of flaming.
The molten gargoyle blasts magma at you!
The bolt of magma hits you!! You partially resist.
* * * LOW HITPOINT WARNING * * *
The molten gargoyle hits you with a +0 dire flail!
* * * LOW HITPOINT WARNING * * *
You are engulfed in flames.
You resist.
* * * LOW HITPOINT WARNING * * *
The molten gargoyle completely misses you.
The efreet gestures at the molten gargoyle.
The fireball explodes!
The fireball engulfs the molten gargoyle.
The molten gargoyle completely resists.
The fireball engulfs you! You resist.
You die...

### # ###.##
.## ##≈...##
..○##
#°°....#..≈○☼#
#°..∩○R'.≈○○°.
#≈≈...##≈≈≈≈≈≈
#≈≈.9.##≈≈○≈≈#
#≈≈.@9# #≈☼○##
#°..∩..'#####
#°°....#.#
##≈...## ..
###.## .# ###


You could see an efreet (blind) and 2 molten gargoyles.

Vanquished Creatures
  A dire elephant (Lair:5)
  4 hydras
  A catoblepas (Lair:5)
  2 two-headed ogres
  6 death yaks
  A tengu warrior (D:10)
  A deep troll shaman (Lair:5)
  3 skysharks
  A bog body (Lair:2)
  A deep elf pyromancer (D:11)
  Pikel (D:8)
  A manticore (D:10)
  A cyclops (D:11)
  16 elephants
  6 cane toads
  6 black mambas
  A torpor snail (Lair:4)
  A rime drake (Lair:2)
  A troll (D:11)
  3 komodo dragons (Lair:4)
  A hornet (D:7)
  A polar bear (Lair:4)
  27 blink frogs
  10 dream sheep (Lair:4)
  Sigmund (D:3)
  8 yaks
  4 wyverns
  Eustachio (D:4)
  A wraith (D:11)
  3 basilisks
  3 vampire mosquitoes (D:10)
  3 steam dragons
  Edmund (D:5)
  A naga (Lair:3)
  3 wargs
  3 acid dragons
  14 water moccasins
  9 orc warriors
  An ice beast (D:4)
  2 black bears (Lair:5)
  5 centaurs
  17 wolves
  3 ogres
  2 lemures (D:9)
  3 kobold brigands
  A phantom (D:7)
  11 bullfrogs
  A gnoll sergeant (D:7)
  A scorpion (D:6)
  A killer bee (D:9)
  A vampire bat (Lair:1)
  5 howler monkeys
  3 jellies
  4 hounds
  10 orc priests
  A sleepcap (D:4)
  An iguana (D:5)
  Terence (D:2)
  7 hell rats (Lair:3)
  Ijyb (D:5)
  11 orc wizards
  Robin (D:4)
  3 gnolls (D:7)
  3 adders
  4 shadow imps
  An ufetubus (D:7)
  3 worms
  A dart slug (D:3)
  36 orcs
  6 endoplasms
  6 giant cockroaches
  13 goblins
  10 hobgoblins
  22 kobolds
  3 quokkas
  3 ball pythons
  11 bats
  3 frilled lizards
  7 rats
381 creatures vanquished.

Vanquished Creatures (others)
  An ufetubus (D:5)
1 creature vanquished.

Grand Total: 382 creatures vanquished

Notes
Turn   | Place    | Note
-------+----------+-------------------------------------------
     0 | D:1      | holysushi the Tengu Air Elementalist began the quest for
                  | the Orb.
     0 | D:1      | Reached XP level 1. HP: 10/10 MP: 4/4
   234 | D:1      | Reached XP level 2. HP: 16/16 MP: 4/6
   591 | D:1      | Reached skill level 1 in Fighting
  1147 | D:2      | Reached XP level 3. HP: 15/20 MP: 1/7
  1241 | D:2      | Noticed Terence
  1600 | D:2      | Reached skill level 3 in Dodging
  2126 | D:3      | Reached XP level 4. HP: 26/26 MP: 6/8
  2275 | D:3      | Noticed Sigmund
  3102 | D:4      | Noticed Robin
  3117 | D:4      | Killed Robin
  3121 | D:4      | Reached skill level 4 in Dodging
  3340 | D:4      | Noticed an ice beast
  3528 | D:4      | Learned a level 2 spell: Static Discharge
  3533 | D:4      | Learned a level 4 spell: Airstrike
  3620 | D:4      | Gained mutation: Your magical nature lets you fly swiftly
                  | and evasively. [Tengu growth]
  3620 | D:4      | Reached XP level 5. HP: 30/30 MP: 6/9
  3806 | D:4      | Noticed Eustachio
  3831 | D:4      | Killed Eustachio
  3832 | D:4      | Reached skill level 5 in Dodging
  3832 | D:4      | Reached skill level 5 in Air Magic
  3832 | D:4      | Reached XP level 6. HP: 25/35 MP: 0/10
  3947 | D:4      | Noticed an orc warrior
  4106 | D:4      | Killed an orc warrior
  4299 | D:4      | Killed an ice beast
  4300 | D:4      | Reached XP level 7. HP: 40/40 MP: 4/11
  4309 | D:4      | Reached skill level 6 in Dodging
  4430 | D:4      | Found a staircase to the Ecumenical Temple.
  4442 | Temple   | Entered the Ecumenical Temple
  4615 | Temple   | Became a worshipper of Warmaster Okawaru
  4946 | D:4      | Found a shimmering altar of Xom.
  4998 | D:5      | Entered Level 5 of the Dungeon
  5208 | D:5      | Noticed Ijyb
  6647 | D:5      | Killed Ijyb
  6658 | D:5      | Noticed Edmund
  6695 | D:5      | Killed Edmund
  6696 | D:5      | Reached skill level 7 in Dodging
  6889 | D:3      | Killed Sigmund
  6889 | D:3      | Reached * piety under Okawaru
  6890 | D:3      | Reached XP level 8. HP: 41/44 MP: 4/12
  7017 | D:2      | Killed Terence
  7165 | D:5      | Reached skill level 8 in Dodging
  7523 | D:5      | Found a stormy altar of Qazlal.
  8159 | D:6      | Found Futrydu's Armour Emporium.
  8175 | D:6      | Bought a +0 cloak for 58 gold pieces
  9028 | D:6      | Reached skill level 10 in Air Magic
  9473 | D:7      | Found an ancient bone altar of Kikubaaqudgha.
  9491 | D:7      | Reached XP level 9. HP: 48/48 MP: 13/13
  9557 | D:7      | Reached ** piety under Okawaru
  9674 | D:7      | Found an opulent altar of Gozag.
  9847 | D:7      | Noticed a hornet
  9851 | D:7      | Killed a hornet
 10229 | D:7      | Found a burning altar of Makhleb.
 10547 | D:8      | Found a snail-covered altar of Cheibriados.
 10558 | D:8      | Found a staircase to the Lair.
 11943 | D:8      | Found a bloodstained altar of Trog.
 12350 | D:8      | Found a bloodstained altar of Trog.
 12709 | D:8      | Found a basalt altar of Yredelemnul.
 12784 | D:8      | Reached skill level 9 in Dodging
 12928 | D:8      | Found a white marble altar of Elyvilon.
 13016 | D:9      | Noticed a two-headed ogre
 13022 | D:9      | Killed a two-headed ogre
 13022 | D:9      | Reached *** piety under Okawaru
 13023 | D:9      | Reached XP level 10. HP: 53/53 MP: 10/14
 13122 | D:9      | You are sucked into a shaft and drop 2 floors!
 13350 | D:11     | Reached skill level 10 in Dodging
 13457 | D:11     | Noticed a deep elf pyromancer
 13461 | D:11     | Killed a deep elf pyromancer
 13461 | D:11     | Reached **** piety under Okawaru
 13541 | D:11     | Noticed a cyclops
 13863 | D:11     | Noticed a two-headed ogre
 13890 | D:11     | Killed a two-headed ogre
 13891 | D:11     | Reached skill level 11 in Dodging
 13893 | D:11     | Killed a cyclops
 14089 | D:11     | Reached skill level 12 in Dodging
 14276 | D:10     | Entered Level 10 of the Dungeon
 14404 | D:10     | Found a staircase to the Orcish Mines.
 14637 | D:10     | Noticed a tengu warrior
 14637 | D:10     | Noticed a manticore
 15185 | D:10     | Killed a tengu warrior
 15296 | D:10     | Reached skill level 13 in Dodging
 15631 | D:10     | Reached ***** piety under Okawaru
 15632 | D:10     | Reached XP level 11. HP: 57/57 MP: 10/15
 15937 | D:10     | Found a hazy altar of Hepliaklqana.
 16128 | D:10     | Reached skill level 14 in Dodging
 16516 | D:9      | Found a blossoming altar of Fedhas.
 16703 | D:9      | Noticed Pikel
 16971 | D:8      | Killed Pikel
 17289 | D:9      | Found a radiant altar of Vehumet.
 17676 | D:9      | Identified the +0 plate armour of Cloud Cover {rElec rCorr
                  | Int-3 Slay+4} (Okawaru gifted it to you on level 9 of the
                  | Dungeon)
 17676 | D:9      | Received a gift from Okawaru
 17830 | D:9      | Reached skill level 15 in Dodging
 18220 | D:9      | Reached skill level 1 in Invocations
 18334 | Lair:1   | Entered Level 1 of the Lair of Beasts
 18666 | Lair:1   | Found a transporter.
 19142 | Lair:1   | Found a transporter.
 19189 | Lair:1   | Noticed a four-headed hydra
 19195 | Lair:1   | Killed a four-headed hydra
 19714 | Lair:1   | Identified the +11 sling of Corporal Punishment {heavy,
                  | rElec Int+2}
 19998 | Lair:2   | Received a gift from Okawaru
 19999 | Lair:2   | Reached XP level 12. HP: 67/67 MP: 13/16
 20093 | Lair:2   | Reached skill level 1 in Shields
 20144 | Lair:2   | Reached ****** piety under Okawaru
 20206 | Lair:2   | Reached skill level 5 in Fighting
 20659 | Lair:2   | Reached skill level 16 in Dodging
 20877 | Lair:2   | Reached skill level 5 in Invocations
 20997 | Lair:2   | Found a staircase to the Swamp.
 21144 | Lair:2   | Identified the +6 dagger "Spiderslayer" {freeze, Dex+3}
 21862 | Lair:3   | Identified the +1 dire flail of Ygootug {protect, rElec
                  | rC++ Dex+3} (Okawaru gifted it to you on level 3 of the
                  | Lair of Beasts)
 21862 | Lair:3   | Received a gift from Okawaru
 21878 | Lair:3   | Reached skill level 17 in Dodging
 22100 | Lair:3   | Found a staircase to the Snake Pit.
 22511 | Lair:3   | Noticed a seven-headed hydra
 22516 | Lair:3   | Killed a seven-headed hydra
 23404 | Lair:3   | Received a gift from Okawaru
 23405 | Lair:3   | Reached skill level 18 in Dodging
 23508 | Lair:4   | Reached XP level 13. HP: 72/72 MP: 3/17
 23659 | Lair:4   | Found a runed translucent door.
 23777 | Lair:4   | Found a viscous altar of Jiyva.
 24367 | Lair:4   | Reached skill level 19 in Dodging
 24644 | Lair:4   | Received a gift from Okawaru
 24886 | Lair:4   | You are sucked into a shaft and drop 1 floor!
 24886 | Lair:5   | Entered Level 5 of the Lair of Beasts
 25298 | Lair:5   | Noticed a dire elephant
 25447 | Lair:5   | Killed a dire elephant
 25684 | Lair:5   | Reached skill level 20 in Dodging
 26125 | Lair:5   | Received a gift from Okawaru
 26295 | Lair:5   | Reached skill level 1 in Evocations
 27105 | Lair:5   | Identified the +8 war axe "Hoesok" {heavy, rC+ Will+}
                  | (Okawaru gifted it to you on level 5 of the Lair of Beasts)
 27105 | Lair:5   | Received a gift from Okawaru
 27106 | Lair:5   | Reached skill level 5 in Spellcasting
 28073 | Lair:5   | Reached XP level 14. HP: 74/78 MP: 8/23
 28655 | Lair:5   | Identified the staff of cold "Nuneg" {rElec rC+ Will-
                  | Str+9}
 28757 | Lair:4   | Received a gift from Okawaru
 28758 | Lair:4   | Reached skill level 15 in Air Magic
 29177 | Lair:4   | Found a staircase to the Slime Pits.
 29476 | Orc:1    | Entered Level 1 of the Orcish Mines
 29698 | Orc:1    | Found a dark tunnel.
 29703 | Volcano  | Entered a volcano
 29717 | Volcano  | Killed from afar by an efreet

Illustrated notes

Levels and vault maps discovered:
D:1:      lemuel_arrival_behind_the_door_small, layout_basic
D:2:      layout_loops_ring, uniq_terence
D:3:      layout_loops_ring, kennysheep_generic_room_4, uniq_sigmund
D:4:      layout_loops_ring, lemuel_coloured_pillars_altar,
          minmay_temple_entry_poolview, grunt_ministairs_15, uniq_eustachio,
          uniq_robin
D:5:      layout_basic, grunt_qazlal_sundering, uniq_ijyb, uniq_edmund
D:6:      layout_cave_pods, serial_shops, shop_coins
D:7:      layout_cave_pods, grunt_gozag_breadcrumbs, lightli_temple_of_fire,
          mainiacjoe_overflow_small_starburst, patterned_corridor
D:8:      layout_cave_pods, kennysheep_ying_yang,
          mainiacjoe_overflow_surrounded_room, nicolae_overflow_crystal_walls,
          minmay_ruined_shrine
D:9:      layout_basic, nicolae_overflow_hidden_temple, vehumet_crystals,
          minmay_joined_circles, uniq_pikel
D:10:     layout_stronghold, mainiacjoe_overflow_chevrons, david_orc_3,
          minmay_bent
D:11:     layout_roguey
Temple:   nicolae_temple_bog_church
Lair:1:   gammafunk_worm_tunnel, layout_concentric_octagons, roderic_batcave,
          beast_lair_carwin_2
Lair:2:   layout_cave_pods, skrybe_swamp_entry_bodies, grunt_megastairs_1
Lair:3:   layout_gridlike, guppyfry_snake_entry_garden
Lair:4:   layout_long_grid, slime_entry_2
Lair:5:   grunt_lair_end_beastmaster, layout_hall_layers,
          chequers_serial_rivers_marsh
Orc:1:    layout_caves, enter_volcano_4, led_sif_book
Volcano:  volcano_aerie

Skill      XL: |  1  2  3  4  5  6  7  8  9 10 11 12 13 14 |
---------------+-------------------------------------------+-----
Conjurations   | 2 3 |  3.0
Fighting       | 1 2 4 5 |  5.0
Dodging        | 3 4 5 7 8 9 13 15 18 20 | 20.0
Air Magic      | 5 6 8 10 13 14 15 | 15.6
Invocations    | 3 5 |  5.0
Shields        | 2 |  2.0
Spellcasting   | 5 |  5.6
Evocations     | 2 |  2.0
Stealth        | |  2.0

Action                     |  1- 3 |  4- 6 |  7- 9 | 10-12 | 13-15 || total
---------------------------+-------+-------+-------+-------+-------++-------
  Melee: Unarmed           |     8 |    24 |       |       |       ||    32
         Kick              |     2 |     9 |    12 |     7 |     8 ||    38
         Peck              |     1 |     7 |     6 |     9 |     6 ||    29
         Short sword       |       |     9 |    28 |    35 |       ||    72
         Punch             |       |       |     1 |     1 |       ||     2
         War axe           |       |       |       |       |    28 ||    28
         Staff             |       |       |       |       |     1 ||     1
   Fire: Sling             |       |       |       |    66 |    74 ||   140
   Cast: Shock             |    74 |   105 |    71 |    21 |       ||   271
         Airstrike         |       |     3 |    74 |   261 |   207 ||   545
         Static Discharge  |       |       |     9 |     9 |     8 ||    26
  Evoke: Wand              |       |       |     1 |     3 |     2 ||     6
    Use: Scroll            |       |     3 |    10 |     3 |     7 ||    23
   Stab: Sleeping          |       |       |     2 |       |       ||     2
         Invisible         |       |       |       |     1 |       ||     1
 Armour: Robe              |     2 |     7 |    11 |    11 |       ||    31
         Steam dragon scal |       |       |       |    39 |    33 ||    72
  Dodge: Dodged            |     9 |    49 |    78 |   231 |   239 ||   606
         Repelled          |       |       |       |       |     1 ||     1
  Block: Buckler           |       |       |       |    26 |    53 ||    79

Table legend: (Time is in decaauts)
 A = Elapsed time spent in this place.
 B = Non-inter-level travel time spent in this place.
 C = Inter-level travel time spent in this place.
 D = Time resting spent in this place.
 E = Time spent auto-exploring this place.
 F = Levels seen in this place.
 G = Mean time per level.
                   A        B        C        D        E       F      G
               +--------+--------+--------+--------+--------+-----+--------+
         Total |  28826 |  27779 |   1047 |  11214 |  12014 |  19 | 1517.2 |
       Dungeon |  17857 |  17190 |    667 |   7148 |   7473 |  11 | 1623.4 |
        Temple |    165 |    134 |     31 |      0 |    126 |   1 |  165.0 |
          Lair |  10628 |  10281 |    347 |   4065 |   4412 |   5 | 2125.6 |
  Orcish Mines |    161 |    161 |      0 |      0 |      0 |   1 |  161.0 |
       Volcano |     13 |     13 |      0 |      0 |      1 |   1 |   13.0 |
               +--------+--------+--------+--------+--------+-----+--------+

Top non-repeatable levels by time:
     D:8: 2896 daAuts
  Lair:4: 2878 daAuts
     D:5: 2814 daAuts
  Lair:5: 2811 daAuts
    D:10: 2222 daAuts
  Lair:3: 1980 daAuts
     D:4: 1715 daAuts
  Lair:2: 1651 daAuts
     D:9: 1576 daAuts
  Lair:1: 1305 daAuts
     D:7: 1294 daAuts
     D:2: 1133 daAuts
    D:11: 1110 daAuts
     D:3: 1072 daAuts
     D:1: 1057 daAuts
